 Dungeon Crawl Stone Soup version 0.31-a0-182-gc5ef74bbde (webtiles) character file.

Game seed: 9429055533647264048

1202 qw the Skirmisher (level 8, -2/74 HPs)
             Began as a Naga Hunter on June 20, 2023.
             Slain by a yak (16 damage)
             ... on level 6 of the Dungeon.
             The game lasted 00:02:47 (5117 turns).

qw the Skirmisher (Naga Hunter)                     Turns: 5117, Time: 00:02:48

Health: -2/74      AC:  4    Str: 14    XL:     8   Next: 44%
Magic:  8/8        EV: 10    Int:  9    God:
Gold:   349        SH:  0    Dex: 17    Spells: 7/7 levels left

rFire   + . .        Y - +2 shortbow
rCold   . . .        (shield currently unavailable)
rNeg    . . .        c - +0 leather armour
rPois   +            (no helmet)
rElec   .            (no cloak)
rCorr   .            (no gloves)
SInv    +            (no barding)
Will    +....        (no amulet)
Stlth   ++           a - ring of protection from fire
HPRegen 0.32/turn    (no ring)
MPRegen 0.11/turn

%: no passive effects
@: short of breath, very slow
A: AC +2, large, see invisible, deformed body, poison resistance, slowness 2,
spit poison 1, naga tail 1
a: Spit Poison


You were on level 6 of the Dungeon.
You visited 1 branch of the dungeon, and saw 6 of its levels.

You collected 349 gold pieces.


Innate Abilities, Weirdness & Mutations

Your serpentine skin is tough. (AC +2)
You have supernaturally acute eyesight. (SInv)
Armour fits poorly on your strangely shaped body.
Your system is resistant to poisons. (rPois)
You cover ground very slowly.
You can spit poison.
You have a snake-like lower body.


   Skills:
 - Level 5.0 Fighting
 + Level 8.4 Ranged Weapons
 - Level 2.6 Dodging
 - Level 1.5 Stealth


You had 7 spell levels left.
You didn't know any spells.
Your spell library was empty.

Inventory:

Hand Weapons
 Y - a +2 shortbow (weapon)
Armour
 c - a +0 leather armour (worn)
Jewellery
 a - a ring of protection from fire (left hand)
 b - a ring of ice
Scrolls
 e - a scroll of identify
Potions
 d - 2 potions of curing
 f - a potion of heal wounds {unknown}
 g - a potion of cancellation {unknown}

Dungeon Overview and Level Annotations

Branches:
Dungeon (6/15)
 Temple: D:4-7

Altars:
Cheibriados
Dithmenos
Fedhas
Gozag
Qazlal
Yredelemnul

Shops:
D:1 ?*

Annotations:
D:4 3 runed translucent doors, qw's ghost, amateur GrFi
D:5 3 runed translucent doors, qw's ghost, amateur NaHu


Message History

The splash of poison hits the yak but does no damage.
The yak looks even sicker.
The yak is heavily wounded.
The yak closely misses you. The yak gores you.
You shoot an arrow. The arrow hits the yak.
The yak is severely wounded.
You hear the slow hiss of a distant avalanche of sand.
The yak gores you. The yak barely misses you.
You shoot an arrow. The arrow closely misses the yak.
The yak closely misses you. x2
You shoot an arrow. The arrow hits the yak!
The yak is almost dead.
You have got your breath back.
The yak gores you! The yak gores you.
5112 ||| INVOKING Spit Poison.
Aiming: Spit Poison (1% risk of failure)
Press: ? - help, Shift-Dir - straight line, f/p - yak The splash of poison hits the yak.
The yak looks even sicker.
You kill the yak!
You shoot an arrow.
The arrow hits the yak but does no damage.
The yak gores you! The yak gores you.
You shoot an arrow.
The arrow hits the yak but does no damage.
The yak barely misses you. x2
You shoot an arrow.
The arrow hits the yak but does no damage.
The yak closely misses you. The yak gores you but does no damage.
You shoot an arrow. The arrow hits the yak.
The yak is lightly wounded.
You have got your breath back.
The yak snorts and paws the ground.
The yak gores you! The yak closely misses you.
5117 ||| INVOKING Spit Poison.
Aiming: Spit Poison (1% risk of failure)
Press: ? - help, Shift-Dir - straight line, f/p - yak The splash of poison hits the yak.
The yak is poisoned.
The yak is lightly wounded.
The yak barely misses you. The yak gores you!
You die...

##+##+#######.........
..#.....#...............
..#.....#...............
##'##'##'...............
.....#..#...............
+###+#..#..............
#..##'##.......#
+..+...+.......#
#..#...#..Y@...#
#..##+####Y##### #..#
#YY..Y.... +##+
#...YY.... ########..


You could see 4 yaks.

Vanquished Creatures
  Grinder (D:4)
  A yak (D:6)
  A black bear (D:5)
  An ogre (D:5)
  A scorpion (D:5)
  A howler monkey (D:5)
  A jelly (D:5)
  2 orc priests (D:5)
  4 hounds
  2 iguanas (D:5)
  A scorpion zombie (D:4)
  An orc wizard (D:3)
  A hound zombie (D:4)
  4 gnolls
  10 adders
  3 river rats (D:5)
  An ufetubus (D:4)
  A worm (D:3)
  A dart slug (D:1)
  16 orcs
  4 endoplasms
  8 giant cockroaches
  7 goblins
  3 hobgoblins
  5 jackals
  5 quokkas
  11 ball pythons
  4 bats
  4 frilled lizards
  10 kobolds
  2 rats
117 creatures vanquished.

Notes
Turn   | Place    | Note
-------+----------+-------------------------------------------
     0 | D:1      | qw the Naga Hunter began the quest for the Orb.
     0 | D:1      | Reached XP level 1. HP: 19/19 MP: 1/1
     0 | D:1      | 0 ||| qw: Version: 0.3-a-9-g12657ce
     0 | D:1      | 0 ||| qw: Game counter: 1228
     0 | D:1      | 0 ||| qw: Always use a shield: true
     0 | D:1      | 0 ||| qw: God list: Okawaru
     0 | D:1      | 0 ||| qw: Allow faded altars: false
     0 | D:1      | 0 ||| qw: Do Orc after D:15 true
     0 | D:1      | 0 ||| qw: Do second Lair branch before Depths: true
     0 | D:1      | 0 ||| qw: Lair rune preference: random
     0 | D:1      | 0 ||| qw: Plans: Normal
     0 | D:1      | 0 ||| PLANNING D:1-11
    39 | D:1      | 39 ||| INVOKING Spit Poison.
    50 | D:1      | Found Ygusk's General Store.
    54 | D:1      | 54 ||| INVOKING Spit Poison.
    58 | D:1      | 58 ||| SHOPLISTING scroll of identify (28 gold, have 15).
    58 | D:1      | 58 ||| SHOPLISTING scroll of teleportation (42 gold, have
                  | 15).
   130 | D:1      | 130 ||| INVOKING Spit Poison.
   165 | D:1      | 165 ||| INVOKING Spit Poison.
   166 | D:1      | Reached skill level 4 in Ranged Weapons
   166 | D:1      | Reached XP level 2. HP: 26/26 MP: 2/2
   173 | D:1      | 173 ||| INVOKING Spit Poison.
   188 | D:1      | 188 ||| INVOKING Spit Poison.
   194 | D:1      | Found a faded altar of an unknown god.
   223 | D:1      | Found Gatukyn's Magic Scroll Boutique.
   228 | D:1      | 228 ||| SHOPLISTING scroll of identify (28 gold, have 23).
   228 | D:1      | 228 ||| SHOPLISTING scroll of teleportation (42 gold, have
                  | 23).
   233 | D:1      | 233 ||| INVOKING Spit Poison.
   238 | D:1      | 238 ||| INVOKING Spit Poison.
   282 | D:1      | 282 ||| INVOKING Spit Poison.
   288 | D:1      | 288 ||| INVOKING Spit Poison.
   293 | D:1      | 293 ||| INVOKING Spit Poison.
   382 | D:1      | 382 ||| INVOKING Spit Poison.
   397 | D:1      | 397 ||| INVOKING Spit Poison.
   402 | D:1      | 402 ||| INVOKING Spit Poison.
   405 | D:1      | Reached XP level 3. HP: 32/32 MP: 3/3
   405 | D:1      | 405 ||| INVOKING Spit Poison.
   411 | D:1      | 411 ||| INVOKING Spit Poison.
   415 | D:1      | 415 ||| INVOKING Spit Poison.
   597 | D:1      | 597 ||| DROPPING ring of flight.
   598 | D:1      | 598 ||| READING scroll labelled RYECWA MAIMN.
   599 | D:1      | 599 ||| READING scroll labelled PUOPLEAMUA.
   600 | D:1      | 600 ||| READING scroll labelled QOX QIANODANO.
   601 | D:1      | 601 ||| DROPPING scroll of butterflies.
   637 | D:2      | 637 ||| INVOKING Spit Poison.
   641 | D:2      | 641 ||| STAIRDANCE
   643 | D:1      | 643 ||| INVOKING Spit Poison.
   648 | D:1      | 648 ||| INVOKING Spit Poison.
   651 | D:1      | 651 ||| INVOKING Spit Poison.
   655 | D:1      | HP: 7/32 [adder (4)]
   656 | D:1      | 656 ||| INVOKING Spit Poison.
   659 | D:1      | HP: 3/32 [poisoned by an adder]
   787 | D:2      | 787 ||| INVOKING Spit Poison.
   822 | D:2      | Found a snail-covered altar of Cheibriados.
   827 | D:2      | 827 ||| INVOKING Spit Poison.
   836 | D:2      | 836 ||| INVOKING Spit Poison.
   841 | D:2      | Reached skill level 5 in Ranged Weapons
   841 | D:2      | Reached XP level 4. HP: 39/39 MP: 4/4
   876 | D:2      | 876 ||| INVOKING Spit Poison.
   879 | D:2      | 879 ||| INVOKING Spit Poison.
   897 | D:2      | 897 ||| INVOKING Spit Poison.
   900 | D:2      | 900 ||| INVOKING Spit Poison.
   943 | D:2      | 943 ||| INVOKING Spit Poison.
  1015 | D:2      | 1015 ||| INVOKING Spit Poison.
  1064 | D:2      | 1064 ||| INVOKING Spit Poison.
  1112 | D:2      | 1112 ||| READING scroll of enchant weapon.
  1112 | D:2      | 1112 ||| ENCHANTING +1 shortbow.
  1255 | D:3      | 1255 ||| INVOKING Spit Poison.
  1259 | D:3      | 1259 ||| INVOKING Spit Poison.
  1295 | D:3      | 1295 ||| INVOKING Spit Poison.
  1372 | D:3      | 1372 ||| INVOKING Spit Poison.
  1377 | D:3      | Reached skill level 3 in Fighting
  1377 | D:3      | 1377 ||| INVOKING Spit Poison.
  1379 | D:3      | 1379 ||| Stepping ~*~*~tactically~*~*~ (outnumbered).
  1382 | D:3      | 1382 ||| INVOKING Spit Poison.
  1389 | D:3      | 1389 ||| INVOKING Spit Poison.
  1390 | D:3      | Reached XP level 5. HP: 34/49 MP: 5/5
  1482 | D:3      | 1482 ||| INVOKING Spit Poison.
  1500 | D:3      | 1500 ||| INVOKING Spit Poison.
  1558 | D:3      | 1558 ||| INVOKING Spit Poison.
  1563 | D:3      | 1563 ||| INVOKING Spit Poison.
  1787 | D:3      | 1787 ||| DROPPING amulet of magic regeneration.
  1788 | D:3      | 1788 ||| READING 3 scrolls labelled POOQAURH TOMYG.
  1789 | D:3      | 1789 ||| READING scroll labelled MEUMNYAMPE.
  1790 | D:3      | 1790 ||| READING scroll labelled NUXIQU GUAGUD.
  1891 | D:3      | 1891 ||| DRINKING 2 bubbling amethyst potions.
  1892 | D:3      | 1892 ||| READING 2 scrolls of identify.
  1892 | D:3      | 1892 ||| IDENTIFYING glowing ruby potion
  1893 | D:3      | 1893 ||| DROPPING potion of degeneration.
  1940 | D:4      | 1940 ||| INVOKING Spit Poison.
  1945 | D:4      | 1945 ||| INVOKING Spit Poison.
  1948 | D:4      | 1948 ||| STAIRDANCE
  1950 | D:3      | 1950 ||| INVOKING Spit Poison.
  1953 | D:3      | 1953 ||| INVOKING Spit Poison.
  2039 | D:4      | 2039 ||| INVOKING Spit Poison.
  2043 | D:4      | 2043 ||| INVOKING Spit Poison.
  2047 | D:4      | 2047 ||| INVOKING Spit Poison.
  2077 | D:4      | 2077 ||| INVOKING Spit Poison.
  2171 | D:4      | 2171 ||| INVOKING Spit Poison.
  2192 | D:4      | 2192 ||| INVOKING Spit Poison.
  2196 | D:4      | Reached skill level 6 in Ranged Weapons
  2196 | D:4      | Reached XP level 6. HP: 56/56 MP: 6/6
  2197 | D:4      | 2197 ||| INVOKING Spit Poison.
  2203 | D:4      | 2203 ||| INVOKING Spit Poison.
  2206 | D:4      | Noticed Grinder
  2207 | D:4      | 2207 ||| INVOKING Spit Poison.
  2224 | D:4      | HP: 10/56 [Grinder (5)]
  2228 | D:4      | Killed Grinder
  2229 | D:4      | Reached XP level 7. HP: 7/67 MP: 7/7
  2432 | D:4      | 2432 ||| INVOKING Spit Poison.
  2438 | D:4      | 2438 ||| INVOKING Spit Poison.
  2482 | D:4      | 2482 ||| INVOKING Spit Poison.
  2502 | D:4      | Found a stormy altar of Qazlal.
  2518 | D:4      | 2518 ||| INVOKING Spit Poison.
  2562 | D:4      | 2562 ||| INVOKING Spit Poison.
  2565 | D:4      | 2565 ||| INVOKING Spit Poison.
  2569 | D:4      | 2569 ||| INVOKING Spit Poison.
  2573 | D:4      | 2573 ||| INVOKING Spit Poison.
  2730 | D:4      | 2730 ||| INVOKING Spit Poison.
  2751 | D:4      | Found a runed translucent gate.
  2751 | D:4      | Found a runed translucent gate.
  2751 | D:4      | Found a runed translucent gate.
  2751 | D:4      | Noticed qw's ghost (amateur GrFi)
  2753 | D:4      | 2753 ||| UPGRADING to ring of protection from fire.
  2754 | D:4      | Found a basalt altar of Yredelemnul.
  2846 | D:4      | 2846 ||| INVOKING Spit Poison.
  2851 | D:4      | 2851 ||| INVOKING Spit Poison.
  2855 | D:4      | 2855 ||| INVOKING Spit Poison.
  2860 | D:4      | 2860 ||| INVOKING Spit Poison.
  3018 | D:4      | Found an opulent altar of Gozag.
  3920 | D:4      | 3920 ||| Stepping randomly (stuck).
  3954 | D:5      | Entered Level 5 of the Dungeon
  3955 | D:5      | 3955 ||| PLANNING SEWER
  3965 | D:5      | 3965 ||| INVOKING Spit Poison.
  3985 | D:5      | 3985 ||| INVOKING Spit Poison.
  3988 | D:5      | 3988 ||| INVOKING Spit Poison.
  4026 | D:5      | Found a blossoming altar of Fedhas.
  4128 | D:5      | 4128 ||| INVOKING Spit Poison.
  4132 | D:5      | Reached skill level 7 in Ranged Weapons
  4207 | D:5      | 4207 ||| INVOKING Spit Poison.
  4243 | D:5      | 4243 ||| INVOKING Spit Poison.
  4247 | D:5      | 4247 ||| INVOKING Spit Poison.
  4317 | D:5      | 4317 ||| INVOKING Spit Poison.
  4322 | D:5      | 4322 ||| INVOKING Spit Poison.
  4327 | D:5      | 4327 ||| INVOKING Spit Poison.
  4331 | D:5      | 4331 ||| INVOKING Spit Poison.
  4334 | D:5      | Reached XP level 8. HP: 50/74 MP: 8/8
  4338 | D:5      | 4338 ||| INVOKING Spit Poison.
  4349 | D:5      | 4349 ||| INVOKING Spit Poison.
  4441 | D:5      | Found a runed translucent gate.
  4441 | D:5      | Found a runed translucent gate.
  4446 | D:5      | 4446 ||| INVOKING Spit Poison.
  4446 | D:5      | Noticed qw's ghost (amateur NaHu)
  4451 | D:5      | 4451 ||| INVOKING Spit Poison.
  4457 | D:5      | 4457 ||| Stepping ~*~*~tactically~*~*~ (outnumbered).
  4458 | D:5      | 4458 ||| INVOKING Spit Poison.
  4463 | D:5      | 4463 ||| INVOKING Spit Poison.
  4467 | D:5      | 4467 ||| INVOKING Spit Poison.
  4471 | D:5      | 4471 ||| INVOKING Spit Poison.
  4474 | D:5      | HP: 14/74 [hound (5)]
  4477 | D:5      | 4477 ||| INVOKING Spit Poison.
  4567 | D:5      | 4567 ||| RIP SEWER
  4677 | D:5      | 4677 ||| PLANNING D:1-11
  4680 | D:5      | Found a shadowy altar of Dithmenos.
  4807 | D:5      | 4807 ||| INVOKING Spit Poison.
  4810 | D:5      | 4810 ||| INVOKING Spit Poison.
  4815 | D:5      | 4815 ||| INVOKING Spit Poison.
  4834 | D:5      | Found a runed translucent gate.
  4885 | D:5      | 4885 ||| INVOKING Spit Poison.
  4929 | D:5      | 4929 ||| INVOKING Spit Poison.
  4934 | D:5      | Reached skill level 8 in Ranged Weapons
  5034 | D:5      | 5034 ||| DRINKING 2 sedimented silvery potions.
  5035 | D:5      | 5035 ||| DROPPING potion of brilliance.
  5070 | D:6      | 5070 ||| PLANNING OSSUARY
  5101 | D:6      | Noticed a yak
  5101 | D:6      | Noticed a yak
  5101 | D:6      | Noticed a yak
  5101 | D:6      | Noticed a yak
  5101 | D:6      | Noticed a yak
  5101 | D:6      | Noticed a yak
  5102 | D:6      | 5102 ||| INVOKING Spit Poison.
  5105 | D:6      | 5105 ||| Stepping ~*~*~tactically~*~*~ (outnumbered).
  5108 | D:6      | 5108 ||| INVOKING Spit Poison.
  5112 | D:6      | 5112 ||| INVOKING Spit Poison.
  5112 | D:6      | Killed a yak
  5116 | D:6      | HP: 14/74 [yak (16)]
  5117 | D:6      | 5117 ||| INVOKING Spit Poison.
  5117 | D:6      | Slain by a yak

Levels and vault maps discovered:
D:1:      dpeg_arrival_short_road, layout_rooms, serial_shops, shop,
          nicolae_shop_rolling_square, shapermc_ecumenical_altar_petra,
          st_stairs_12, chequers_jeans, minmay_pentomino_x2
D:2:      layout_rooms, basic_altar
D:3:      layout_basic
D:4:      layout_gridville, nicolae_yredelemnul_ghost_church,
          mainiacjoe_overflow_surrounded_room, mainiacjoe_overflow_alcove_1,
          uniq_grinder
D:5:      layout_loops_ring, mainiacjoe_overflow_six_doors_small,
          lemuel_doored_altar, gammafunk_ghost_split, portal_sewer_entry_c
D:6:      layout_gridville, mainiacjoe_overflow_24_doors,
          minmay_temple_entry_ruins, enter_ossuary_2, minmay_strange_pillars

Skill      XL: |  1  2  3  4  5  6  7  8 |
---------------+-------------------------+-----
Ranged Weapons | 4 5 6 7 8 |  8.4
Fighting       | 3 5 |  5.0
Dodging        | 2 |  2.6
Stealth        | |  1.5

Action                     |  1- 3 |  4- 6 |  7- 9 || total
---------------------------+-------+-------+-------++-------
   Fire: Shortbow          |    69 |    94 |   143 ||   306
Ability: Spit Poison       |    25 |    31 |    42 ||    98
    Use: Scroll            |     3 |     5 |       ||     8
         Potion            |       |     1 |     1 ||     2
 Armour: Leather armour    |    16 |     9 |    31 ||    56
  Dodge: Dodged            |    30 |    13 |    72 ||   115

Table legend:
 A = Non-vault XP
 B = Vault XP
 C = Vault XP percentage of total XP
 D = Non-vault monster count
 E = Vault monster count
 F = Vault count percentage of total count
                 A         B        C        D         E       F
            +---------+---------+-------+---------+---------+-------
      Total |    1339 |     379 |  22.1 |     107 |      10 |   8.5
            +---------+---------+-------+---------+---------+-------
        D:1 |      54 |       0 |   0.0 |      25 |       0 |   0.0
        D:2 |      74 |       0 |   0.0 |      17 |       0 |   0.0
        D:3 |     100 |       0 |   0.0 |      20 |       0 |   0.0
        D:4 |     185 |     333 |  64.3 |      23 |       3 |  11.5
        D:5 |     727 |      46 |   6.0 |      21 |       7 |  25.0
        D:6 |     199 |       0 |   0.0 |       1 |       0 |   0.0
            +---------+---------+-------+---------+---------+-------
